Map: Catalyst LE

Players

Cham

  • Race: Zerg Zerg
  • Spawn Location: 11:00

ShoWTimE - Winner!

  • Race: Protoss Protoss
  • Spawn Location: 5:00

Event: WCS Leipzig 2018

VOD

Have the link to the VOD?

Description

Time

  • Played on: Jan. 26, 2018, 10:43 a.m.
  • Length: 14:34

All games in this series

Show
View Real Time Build Order
Export as new Build Order

Cham Zerg 

Build Orders: Hatch First 

Get SALT Encoding   

  12  0:00  Drone  
  13  0:08  Drone  
  14  0:17  Overlord  
  14  0:35  Drone  
  15  0:44  Hatchery  
  15  0:49  Drone  
  15  0:53  Drone  
  15  0:55  Drone  
  17  1:01  Drone  
  18  1:09  Extractor  
  17  1:15  Spawning Pool  
  17  1:18  Drone  
  17  1:22  Drone  
  18  1:33  Drone  
  19  1:47  Drone  
  20  1:57  Overlord  
  20  1:59  Drone  
  21  2:01  Queen  
  21  2:03  Queen  
  21  2:04  Zergling x2  
  26  2:10  Zergling x2  
  26  2:13  Metabolic Boost  
  27  2:17  Drone  
  28  2:33  Hatchery  
  28  2:36  Drone  
  28  2:38  Drone  
  29  2:45  Queen  
  29  2:49  Drone  
  29  2:50  Drone  
  33  2:56  Zergling x4  
  33  2:58  Zergling x2  
  36  3:02  Overlord  
  36  3:07  Overlord  
  36  3:14  Overlord  
  36  3:15  Overlord  
  36  3:21  Drone x3  
  36  3:24  Drone  
  36  3:25  Drone  
  41  3:30  Spore Crawler  
  41  3:32  Drone  
  41  3:35  Drone  
  41  3:37  Drone  
  43  3:48  Drone x4  
  45  3:49  Drone  
  45  3:55  Roach Warren  
  46  3:57  Drone x2  
  46  4:00  Drone  
  46  4:01  Drone  
  50  4:06  Extractor  
  50  4:07  Extractor, Queen  
  50  4:15  Overlord x2  
  50  4:17  Drone  
  51  4:24  Spore Crawler  
  51  4:25  Overlord  
  51  4:27  Overlord  
  51  4:29  Drone  
  51  4:35  Drone  
  51  4:36  Drone x2  
  54  4:40  Roach  
  54  4:41  Roach  
  54  4:43  Roach  
  60  4:48  Roach  
  60  4:50  Roach  
  64  4:54  Overlord  
  64  4:57  Roach  
  64  4:58  Roach  
  66  5:02  Roach  
  66  5:05  Roach  
  70  5:08  Roach  
  70  5:09  Roach  
  70  5:12  Zergling x4  
  76  5:14  Ravager  
  76  5:15  Ravager x2  
  76  5:19  Overlord  
  79  5:22  Roach  
  79  5:23  Roach  
  79  5:26  Zergling x4  
  85  5:30  Zergling x4  
  85  5:31  Zergling x2  
  87  5:35  Queen  
  89  5:44  Ravager  
  89  5:45  Ravager  
  89  5:47  Drone x4  
  89  5:48  Drone x2  
  97  5:53  Overlord  
  97  5:59  Overlord x2  
  97  6:01  Evolution Chamber  
  96  6:04  Lair  
  96  6:06  Drone  
  96  6:11  Overlord  
  97  6:12  Queen  
  93  6:27  Drone x6  
  93  6:29  Drone  
  94  6:35  Drone x2  
  94  6:36  Drone, Overlord  
  94  6:39  Zerg Missile Weapons Level 1  
  97  6:40  Extractor  
  97  6:43  Drone  
  97  6:45  Drone  
  98  6:48  Drone  
  98  6:52  Hatchery  
  98  6:54  Overlord  
  98  6:55  Overlord  
  92  7:01  Drone x3  
  92  7:03  Glial Reconstitution  
  92  7:08  Roach x2  
  91  7:09  Extractor  
  91  7:11  Roach x2  
  91  7:12  Roach x4  
  102  7:18  Roach  
  102  7:20  Roach  
  102  7:24  Roach  
  102  7:28  Roach  
  103  7:30  Roach  
  103  7:33  Spine Crawler, Roach  
  106  7:39  Roach x4  
  106  7:40  Roach x2  
  106  7:43  Roach x2  
  122  7:45  Roach  
  122  7:46  Roach, Overlord  
  122  7:47  Roach  
  128  7:56  Roach x3  
  114  8:03  Roach  
  98  8:06  Roach  
  98  8:07  Roach  
  98  8:08  Roach  
  98  8:10  Roach x2  
  98  8:11  Roach x3  
  98  8:13  Roach  
  98  8:16  Roach  
  98  8:19  Roach  
  95  8:25  Roach x2  
  93  8:27  Roach  
  93  8:31  Spore Crawler  
  93  8:33  Roach  
  96  8:34  Ravager  
  96  8:35  Ravager  
  96  8:36  Roach  
  96  8:37  Ravager  
  96  8:40  Roach  
  103  8:43  Roach  
  103  8:45  Roach  
  103  8:47  Roach  
  109  8:52  Roach  
  109  8:53  Roach  
  113  8:56  Roach  
  113  9:01  Roach  
  113  9:02  Roach  
  109  9:04  Roach  
  109  9:06  Roach  
  109  9:08  Roach  
  113  9:16  Roach  
  106  9:24  Roach x4  
  106  9:25  Roach x2  
  106  9:27  Roach  
  106  9:32  Roach x2  
  105  9:39  Roach x3  
  105  9:42  Roach  
  105  9:44  Ravager, Roach  
  116  9:47  Roach  
  116  9:51  Roach  
  120  9:56  Ravager  
  121  10:04  Roach x5  
  131  10:09  Roach x2  
  139  10:14  Roach x2  
  139  10:17  Roach  
  139  10:18  Roach  
  145  10:21  Roach  
  145  10:26  Roach x2  
  149  10:32  Roach  
  149  10:33  Roach x2  
  149  10:34  Roach  
  154  10:44  Roach x2  
  153  10:50  Roach x2  
  153  10:52  Roach x2  
  153  10:53  Roach  
  155  11:05  Roach x3  
  155  11:09  Roach  
  155  11:10  Roach  
  160  11:14  Overlord  
  160  11:20  Roach  
  160  11:21  Roach  
  136  11:28  Roach x5  
  136  11:29  Roach  
  136  11:32  Roach  
  144  11:34  Ravager x2  
  144  11:39  Roach  
  146  11:45  Roach x2  
  149  11:48  Roach  
  149  11:52  Roach  
  153  11:54  Ravager  
  153  11:55  Ravager  
  153  11:57  Ravager  
  153  11:58  Roach  
  158  12:05  Roach  
  159  12:09  Overlord x2  
  159  12:11  Ravager  
  159  12:13  Overlord  
  130  12:47  Roach x2  
  130  12:48  Roach x6  
  130  12:50  Roach x2  
  138  12:52  Roach x2  
  142  12:59  Roach x2  
  142  13:00  Roach  
  142  13:02  Roach  
  145  13:12  Roach  
  144  13:17  Roach  
  144  13:18  Roach x2  
  140  13:22  Roach  
  140  13:24  Roach x3  
  140  13:25  Ravager  
  149  13:33  Roach  
  152  13:34  Roach x2  
  152  13:37  Roach  
  151  13:43  Roach  
  147  13:52  Roach x2  
  143  13:59  Roach x2  
  123  14:07  Roach x3  
  123  14:08  Roach  
Show
View Real Time Build Order
Export as new Build Order

ShoWTimE Protoss - Winner!

Build Orders: 1 Gate Expand, Oracle Opening, Phoenix Opening, Archon Immortal, Zealot Archon 

Get SALT Encoding   

  12  0:00  Probe  
  13  0:12  Probe  
  14  0:18  Pylon  
  14  0:24  Probe (Chrono Boost)  
  15  0:37  Probe (Chrono Boost)  
  16  0:44  Gateway  
  16  0:46  Probe (Chrono Boost)  
  16  0:47  Assimilator  
  17  0:51  Probe  
  18  1:03  Probe  
  19  1:15  Probe  
  20  1:25  Nexus  
  20  1:36  Cybernetics Core  
  20  1:39  Probe  
  21  1:44  Assimilator  
  21  1:51  Probe  
  22  1:55  Pylon  
  22  2:03  Probe  
  23  2:11  Adept (Chrono Boost)  
  25  2:16  Probe  
  25  2:18  Stargate  
  26  2:23  Warp Gate  
  26  2:29  Probe (Chrono Boost)  
  27  2:34  Stalker  
  29  2:38  Probe (Chrono Boost)  
  31  2:46  Probe (Chrono Boost)  
  31  2:47  Probe (Chrono Boost)  
  32  2:52  Probe x2 (Chrono Boost)  
  34  3:01  Oracle (Chrono Boost)  
  34  3:04  Probe (Chrono Boost)  
  34  3:05  Probe (Chrono Boost)  
  39  3:09  Pylon  
  39  3:16  Probe (Chrono Boost)  
  41  3:22  Probe (Chrono Boost)  
  41  3:24  Probe (Chrono Boost)  
  42  3:28  Probe (Chrono Boost)  
  42  3:30  Probe  
  42  3:31  Phoenix  
  46  3:37  Robotics Facility  
  46  3:41  Probe (Chrono Boost), Assimilator  
  47  3:43  Probe (Chrono Boost)  
  47  3:44  Assimilator  
  48  3:55  Probe (Chrono Boost), Pylon  
  50  3:58  Probe (Chrono Boost), Twilight Council  
  50  4:02  Probe (Chrono Boost)  
  51  4:05  Probe (Chrono Boost)  
  51  4:09  Probe  
  52  4:10  Pylon  
  52  4:17  Probe, Gateway  
  54  4:19  Gateway  
  54  4:22  Gateway  
  54  4:26  Warp Prism (Chrono Boost)  
  56  4:33  Adept  
  58  4:41  Templar Archives  
  58  4:51  Nexus  
  58  5:00  Probe x2, Pylon  
  58  5:04  Pylon  
  60  5:13  Probe x2  
  60  5:14  Immortal (Chrono Boost)  
  62  5:19  Shield Battery, Sentry x2  
  62  5:20  Stalker x2  
  74  5:26  Shield Battery  
  74  5:28  Pylon  
  74  5:33  Pylon, Charge (Chrono Boost)  
  74  5:36  Gateway  
  74  5:44  Robotics Facility  
  74  5:45  Sentry  
  76  5:50  Pylon  
  76  5:51  Stalker  
  76  5:55  Stalker  
  80  5:57  Pylon  
  80  6:01  Zealot  
  82  6:08  Cybernetics Core  
  82  6:12  Pylon  
  82  6:19  Zealot x2  
  86  6:29  Zealot, Immortal (Chrono Boost)  
  84  6:39  Zealot x2  
  86  6:42  Zealot  
  86  6:46  Gateway  
  88  6:51  Pylon  
  86  6:58  Immortal (Chrono Boost)  
  88  7:04  High Templar x4  
  96  7:10  Archon x2  
  96  7:14  Probe x2  
  98  7:17  Nexus  
  98  7:20  Pylon  
  98  7:31  Probe  
  98  7:35  Gateway  
  98  7:36  Observer, Gateway  
  100  7:38  High Templar x2  
  100  7:40  Zealot x2  
  100  7:43  Archon  
  108  7:48  Probe x2  
  96  8:01  Probe  
  96  8:03  Zealot x3  
  89  8:06  Probe  
  82  8:13  Probe  
  82  8:18  Probe  
  82  8:20  Immortal (Chrono Boost)  
  78  8:28  High Templar x2  
  78  8:29  Probe  
  83  8:34  High Templar  
  83  8:35  Zealot x2  
  83  8:40  Gateway  
  89  8:43  Archon  
  89  8:47  High Templar  
  89  8:48  Zealot  
  93  8:53  Immortal (Chrono Boost), Pylon  
  97  8:55  Archon  
  91  9:05  Zealot x3  
  91  9:06  Zealot  
  91  9:15  Zealot x2  
  78  9:25  Zealot  
  78  9:28  Zealot x3  
  78  9:29  Zealot, Immortal (Chrono Boost)  
  71  9:43  High Templar  
  71  9:44  High Templar  
  75  9:48  Archon  
  75  9:49  High Templar x2, Zealot x4  
  86  9:53  Archon  
  86  9:58  Immortal (Chrono Boost)  
  90  10:10  Zealot x2  
  90  10:11  Zealot  
  90  10:13  Pylon  
  96  10:14  Pylon  
  96  10:24  Zealot x3  
  102  10:29  Immortal (Chrono Boost)  
  106  10:39  Zealot  
  108  10:44  Zealot  
  98  10:50  Sentry  
  98  10:51  Sentry x3  
  98  10:55  Sentry  
  106  11:02  Immortal (Chrono Boost)  
  104  11:11  Zealot  
  106  11:16  Pylon  
  106  11:24  Zealot x2  
  103  11:32  Zealot x2  
  107  11:57  Immortal (Chrono Boost)  
  107  12:00  Pylon  
  111  12:13  Nexus  
  111  12:19  High Templar x2  
  115  12:23  Archon  
  115  12:24  High Templar x2  
  115  12:28  Archon  
  107  12:48  Immortal (Chrono Boost)  
  107  12:49  Zealot  
  103  12:52  Sentry x3  
  109  13:08  Nexus  
  109  13:09  Pylon  
  105  13:38  Zealot x6  
  117  13:52  Sentry  
  118  13:58  Sentry x3  
  108  14:08  Zealot x2  
  108  14:09  Zealot  
  100  14:20  High Templar  
  100  14:22  High Templar  
  96  14:27  Archon  
  96  14:28  Zealot x2  
Tags
 
Add a new tag
Caveats
  • Supply blocks, unpowered buildings, or Contaminate may cause inaccurate times.
  • Supply counts are checked every 10 seconds.